 Dungeon Sprint DCSS version 0.17-a0-2127-g1cb09f6 (webtiles) character file.

1131 hexophile the Unseen (level 8, -8/37 HPs)
             Began as a Spriggan Assassin on Oct 23, 2015.
             Was an Initiate of Dithmenos.
             Mangled by a skeletal warrior
             ... wielding a cursed -1 scimitar
              (28 damage)
             ... in the Dungeon (Sprint II: "The Violet Keep of Menkaure").
             The game lasted 00:06:45 (956 turns).

hexophile the Unseen (Spriggan Assassin)             Turns: 956, Time: 00:06:45

Health: -8/37      AC:  3    Str:  7    XL:     8   Next: 13%
Magic:  9/9        EV: 25    Int: 13    God:    Dithmenos [......]
Gold:   34         SH:  0    Dex: 19    Spells: 0 memorised, 7 levels left

rFire  . . .     SeeInvis +     n - +5 rapier (elec)
rCold  . . .     Clarity  .     c - +0 robe
rNeg   . . .     SustAt   .     (shield restricted)
rPois  .         Gourm    .     (helmet restricted)
rElec  .         Spirit   .     d - +0 cloak
rCorr  .         Warding  .     (gloves unavailable)
rMut   .         NoTele   +     (boots unavailable)
MR     +....                    (no amulet)
Stlth  +++++++++.               (no ring)
                                (no ring)

@: very quick, somewhat resistant to hostile enchantments, incredibly stealthy
A: unfitting armour, see invisible, herbivore 3, speed 3, slow metabolism 2
a: Renounce Religion


You were in the Dungeon.
You worshipped Dithmenos.
Dithmenos was noncommittal.
You were not hungry.

You visited 1 branch You collected 993 gold pieces.
You spent 959 gold pieces at shops.


Innate Abilities, Weirdness & Mutations

You are tiny and cannot use many weapons and most armour.
You have supernaturally acute eyesight.
You are a herbivore.
You cover ground extremely quickly.
You need consume almost no food.

Inventory:

Hand Weapons
 a - a +2 dagger
 b - a +0 blowgun
 n - a +5 rapier of electrocution (weapon)
Missiles
 e - 18 poisoned needles
 f - 2 curare-tipped needles
Armour
 c - a +0 robe (worn)
 d - a +0 cloak (worn)
Jewellery
 p - an uncursed ring of protection from magic {MR+}
 t - an uncursed ring of positive energy {rN+}
Wands
 o - a wand of slowing (19)
Scrolls
 m - 3 scrolls of blinking
 q - a scroll of identify
 r - a scroll of magic mapping
Potions
 h - 4 potions of curing
 i - 5 potions of heal wounds
 j - a potion of haste
 k - 5 potions of magic
 l - a potion of berserk rage
 u - a potion of ambrosia {unknown}
 v - 3 potions of resistance
 w - 3 potions of flight
 x - a potion of lignification {unknown}
 z - a potion of degeneration {unknown}
Comestibles
 g - 2 bread rations


You had 7 spell levels left.
You didn't know any spells.


   Skills:
 - Level 1.5 Fighting
 * Level 10.9 Short Blades
 - Level 2.0 Throwing
 * Level 8.3 Dodging
 * Level 19.9 Stealth

Dungeon Overview and Level Annotations

Branches:
Dungeon (1/1)

Altars:
Cheibriados
Dithmenos
Elyvilon
Fedhas
Gozag
Kikubaaqudgha
Makhleb
Nemelex Xobeh
Okawaru
Qazlal
Ru
Sif Muna
Trog
Vehumet
Xom
Yredelemnul
Zin
The Shining One
Beogh
Jiyva
Lugonu

Shops:
D =::[?!=}[[*(!=[%

Annotations:
D exclusion: oklob plant, Kirke, Roxanne

Vault maps used:
D:        the_violet_keep_of_menkaure
You       could see a skeletal warrior.


Message History

The skeletal warrior is lightly damaged.
Unknown command.
Your unstable footing causes you to fumble your attack.
The skeletal warrior splashes around in the water.
Unknown command.
Your unstable footing causes you to fumble your attack.
Unknown command.
There is an open door here.
There is an open door here.
You close the door.
There is an open door here.
You close the door.
You start resting.
HP restored.
Health restored: 37 You open the door.
There is an open door here.
There is an open door here.
There is an open door here.
You enter the shallow water.
Moving in this stuff is going to be slow.
Evoke which item? (* to show all) (? for menu, Esc to quit)
Zapping:
o - a wand of slowing (19)
Press: ? - help, Shift-Dir - straight line, f - skeletal warrior
Aim: a skeletal warrior, wielding an enchanted scimitar (chance to defeat MR: 2%)
Okay, then.
There is an open door here.
There is an open door here.
You hit the skeletal warrior but do no damage.
The skeletal warrior hits you with an enchanted scimitar!!
Ouch! That really hurt!
You take 19 damage, and have 18/37 hp.
MASSIVE DAMAGE!!
Unknown command.
There is an open door here.
There is an open door here.
You hit the skeletal warrior but do no damage.
The skeletal warrior completely misses you.
There is a staircase leading out of the dungeon here.
There is a staircase leading out of the dungeon here.
You hit the skeletal warrior.
The skeletal warrior is lightly damaged.
There is an open door here.
You completely miss the skeletal warrior.
The skeletal warrior is lightly damaged.
The skeletal warrior barely misses you.
You closely miss the skeletal warrior.
The skeletal warrior is lightly damaged.
The skeletal warrior hits you with an enchanted scimitar!!
Ouch! That really hurt!
You die...

Action                   |  1- 3 |  4- 6 |  7- 9 || total
-------------------------+-------+-------+-------++-------
Melee: Dagger            |     3 |     7 |    49 ||    59
       Rapier            |       |       |    10 ||    10
  Use: Scroll            |       |       |    10 ||    10
 Stab: Sleeping          |     3 |     7 |     4 ||    14
       Distracted        |       |       |     1 ||     1

Notes
Turn   | Place    | Note
--------------------------------------------------------------
     0 | D        | hexophile the Spriggan Assassin began the quest for the Orb.
     0 | D        | Reached XP level 1. HP: 10/10 MP: 2/2
     1 | D        | Noticed a worker ant
     1 | D        | Noticed a worker ant
     1 | D        | Noticed a worker ant
     1 | D        | Noticed a worker ant
     4 | D        | Killed a worker ant
     4 | D        | Reached skill level 4 in Short Blades
     4 | D        | Reached skill level 9 in Stealth
     4 | D        | Reached XP level 2. HP: 14/14 MP: 3/3
     5 | D        | Killed a worker ant
     5 | D        | Reached skill level 10 in Stealth
     5 | D        | Reached XP level 3. HP: 18/18 MP: 4/4
     8 | D        | Killed a worker ant
     8 | D        | Reached skill level 5 in Short Blades
     8 | D        | Reached skill level 11 in Stealth
     8 | D        | Reached XP level 4. HP: 22/22 MP: 5/5
     9 | D        | Killed a worker ant
     9 | D        | Reached skill level 6 in Short Blades
     9 | D        | Reached skill level 12 in Stealth
     9 | D        | Killed a crocodile
    18 | D        | Noticed a brain worm
    18 | D        | Noticed a brain worm
    18 | D        | Noticed a brain worm
    18 | D        | Noticed a brain worm
    20 | D        | Killed a brain worm
    20 | D        | Reached skill level 7 in Short Blades
    20 | D        | Reached skill level 14 in Stealth
    20 | D        | Reached XP level 5. HP: 25/25 MP: 6/6
    22 | D        | Killed a brain worm
    22 | D        | Reached skill level 15 in Stealth
    24 | D        | Killed a brain worm
    24 | D        | Reached skill level 8 in Short Blades
    24 | D        | Reached skill level 16 in Stealth
    24 | D        | Reached XP level 6. HP: 30/30 MP: 7/7
    26 | D        | Killed a brain worm
    26 | D        | Reached skill level 9 in Short Blades
    26 | D        | Reached skill level 17 in Stealth
    32 | D        | Noticed a hippogriff
    32 | D        | Noticed a hippogriff
    35 | D        | Killed a hippogriff
    35 | D        | Reached skill level 4 in Dodging
    41 | D        | Killed a hippogriff
    41 | D        | Reached skill level 5 in Dodging
    41 | D        | Reached skill level 18 in Stealth
    41 | D        | Reached XP level 7. HP: 33/33 MP: 8/8
    47 | D        | Noticed a necrophage
    47 | D        | Noticed a necrophage
    47 | D        | Noticed a necrophage
    47 | D        | Noticed a necrophage
    51 | D        | Killed a necrophage
    51 | D        | Reached skill level 10 in Short Blades
    51 | D        | Reached skill level 6 in Dodging
    53 | D        | Killed a necrophage
    53 | D        | Reached skill level 19 in Stealth
    60 | D        | Noticed Roxanne
    64 | D        | Noticed Menkaure
    69 | D        | Killed Menkaure
   101 | D        | Killed a necrophage
   101 | D        | Reached skill level 7 in Dodging
   117 | D        | Killed a necrophage
   117 | D        | Reached XP level 8. HP: 37/37 MP: 9/9
   131 | D        | Found Beq Yhe Nemn's Jewellery Shoppe.
   131 | D        | Found Fofiza's Antique Armour Shoppe.
   131 | D        | Found Viovulos's Antique Weapon Emporium.
   131 | D        | Found Qice's Antique Armour Shoppe.
   131 | D        | Found Vackim's Distillery.
   131 | D        | Found Ziurrussoy's Antique Armour Shoppe.
   131 | D        | Found Wotach's General Store.
   131 | D        | Found Eteomol's Gadget Emporium.
   132 | D        | Found Ihitu's Jewellery Shoppe.
   132 | D        | Found Vaufemor's Distillery.
   133 | D        | Found Rilacut's Food Emporium.
   134 | D        | Found Jedazud's Magic Scroll Shoppe.
   134 | D        | Found Lasel's Antique Armour Emporium.
   134 | D        | Noticed a crocodile
   134 | D        | Noticed a fire dragon
   134 | D        | Noticed an oklob plant
   140 | D        | Killed a crocodile
   140 | D        | Reached skill level 8 in Dodging
   146 | D        | Found Ginergh's Book Shoppe.
   146 | D        | Found Epnaz's Jewellery Emporium.
   146 | D        | Found Diffalom's Book Shoppe.
   147 | D        | Noticed a hell hog
   154 | D        | Noticed a wyvern
   156 | D        | Noticed a hell hog
   156 | D        | Noticed an electric eel
   157 | D        | Bought a scroll of acquirement for 520 gold pieces
   176 | D        | Bought a wand of slowing (19) for 219 gold pieces
   192 | D        | Noticed a scorpion
   194 | D        | Killed a scorpion
   218 | D        | Found a blossoming altar of Fedhas.
   219 | D        | Found a bloodstained altar of Trog.
   220 | D        | Found an opulent altar of Gozag.
   220 | D        | Found an ancient bone altar of Kikubaaqudgha.
   220 | D        | Found a snail-covered altar of Cheibriados.
   220 | D        | Found a viscous altar of Jiyva.
   222 | D        | Found a roughly hewn altar of Beogh.
   222 | D        | Found a radiant altar of Vehumet.
   222 | D        | Found a stormy altar of Qazlal.
   222 | D        | Found a deep blue altar of Sif Muna.
   223 | D        | Found a burning altar of Makhleb.
   223 | D        | Found an iron altar of Okawaru.
   224 | D        | Found a corrupted altar of Lugonu.
   224 | D        | Found a glowing golden altar of the Shining One.
   225 | D        | Found a shadowy altar of Dithmenos.
   226 | D        | Found a white marble altar of Elyvilon.
   226 | D        | Found a sparkling altar of Nemelex Xobeh.
   226 | D        | Found a basalt altar of Yredelemnul.
   227 | D        | Found a glowing silver altar of Zin.
   227 | D        | Found a shimmering altar of Xom.
   227 | D        | Found a sacrificial altar of Ru.
   230 | D        | Noticed a crocodile
   235 | D        | Became a worshipper of Dithmenos the Shadowed
   252 | D        | Noticed a kraken
   339 | D        | Noticed a yaktaur
   339 | D        | Noticed a wasp
   339 | D        | Noticed a polar bear
   380 | D        | Bought a scroll of brand weapon for 220 gold pieces
   686 | D        | Noticed a centaur warrior
   686 | D        | Noticed Kirke
   686 | D        | Noticed a skeletal warrior
   956 | D        | Mangled by a skeletal warrior

Table legend:
 A = Turns spent in this place as a percentage of turns spent in the entire game.
 B = Non-inter-level travel turns spent in this place as a percentage of non-inter-level travel turns spent in the entire game.
 C = Inter-level travel turns spent in this place as a percentage of turns spent in this place.
 D = Turns resting spent in this place as a percentage of non-inter-level travel turns spent in this place.
 E = Turns spent auto-exploring this place as a percentage of non-inter-level travel turns spent in this place.
 F = Non-inter-level travel turns spent in this place divided by the number of levels of this place that you've seen.
                   A       B       C       D       E      F
               +-------+-------+-------+-------+-------+----------------------
         Total | 100.0 | 100.0 |   0.0 |   1.7 |   0.0 | 474.0
       Dungeon | 100.0 | 100.0 |   0.0 |   1.7 |   0.0 | 474.0
               +-------+-------+-------+-------+-------+----------------------

Table legend:
 A = Kills in this place as a percentage of kills in entire the game.
 B = Kills by you in this place as a percentage of kills by you in the entire game.
 C = Kills by friends in this place as a percentage of kills by friends in the entire game.
 D = Other kills in this place as a percentage of other kills in the entire game.
 E = Experience gained in this place as a percentage of experience gained in the entire game.
 F = Experience gained in this place divided by the number of levels of this place that you have seen.
                   A       B       C       D       E      F
               +-------+-------+-------+-------+-------+----------------------
         Total | 100.0 | 100.0 |  -nan |  -nan | 100.0 | 1617.0
       Dungeon | 100.0 | 100.0 |  -nan |  -nan | 100.0 | 1617.0
               +-------+-------+-------+-------+-------+----------------------

Vanquished Creatures
  Menkaure (D)
  2 hippogriffs (D)
  4 necrophages (D)
  A crocodile (D)
  4 brain worms (D)
  A scorpion (D)
  4 worker ants (D)
17 creatures vanquished.

Vanquished Creatures (others)
  A crocodile (D)
  4 tentacles (D)
  44 tentacle segments (D)
49 creatures vanquished.

Grand Total: 66 creatures vanquished
